 Dungeon Crawl Stone Soup version 0.22-a0-352-gc608dd7 (console) character file.

15 bli the Chiller (level 2, 0/20 HPs)
             Began as a Merfolk Ice Elementalist on Apr 14, 2018.
             Slain by a bullfrog skeleton (5 damage)
             ... on level 2 of the Dungeon.
             The game lasted 00:05:57 (779 turns).

bli the Chiller (Merfolk Ice Elementalist)           Turns: 779, Time: 00:05:58

Health: 0/20       AC:  2    Str:  8    XL:     2   Next: 50%
Magic:  4/5        EV: 13    Int: 14    God:
Gold:   9          SH:  0    Dex: 14    Spells: 4/5 levels left

rFire    . . .     SeeInvis .   a - +1 dagger (drain)
rCold    . . .     Gourm    .   (no shield)
rNeg     . . .     Faith    .   h - +0 robe
rPois    .         Spirit   .   (no helmet)
rElec    .         Reflect  .   (no cloak)
rCorr    .         Harm     .   (no gloves)
MR       .....                  (no boots)
Stlth    ++........             (no amulet)
HPRegen  0.06/turn              (no ring)
MPRegen  0.09/turn              (no ring)

@: no status effects
A: change form in water, swift swim, stealthy swim
a: no special abilities


You were on level 2 of the Dungeon.
You were not hungry.

You visited 1 branch of the dungeon, and saw 2 of its levels.

You collected 9 gold pieces.

Inventory:

Hand Weapons
 a - a +1 dagger of draining (weapon)
 i - a +0 spear
Missiles
 g - 8 stones (quivered)
Armour
 h - a +0 robe (worn)
Scrolls
 b - a scroll of teleportation {unknown}
 d - 2 scrolls of identify {unknown}
Potions
 e - a potion of invisibility {unknown}
Comestibles
 c - 2 rations
 f - a chunk of flesh


   Skills:
 * Level 0.7 Fighting
 + Level 2.9 Dodging
 + Level 2.3 Stealth
 * Level 2.2 Spellcasting
   Level 0.7 Conjurations
 + Level 3.6 Ice Magic


You had 4 spell levels left.
You knew the following spells:

 Your Spells              Type           Power        Failure   Level  Hunger
a - Freeze                Ice            ##..         5%          1    #......


Dungeon Overview and Level Annotations

Branches:
Dungeon (1/15)

Altars:


Message History

Confirm with . or Enter, or press ? or * to list all spells.
Aiming: Freeze (safe; 5% risk of failure)
Press: ? - help, Shift-Dir - straight line, f - bullfrog skeleton
Aim: a bullfrog skeleton (heavily damaged)
You freeze the bullfrog skeleton.
The bullfrog skeleton completely resists.
The bullfrog skeleton is heavily damaged.
The bullfrog skeleton hits you. x2
You hit the bullfrog skeleton.
The bullfrog skeleton is heavily damaged.
The bullfrog skeleton hits you.
* * * LOW HITPOINT WARNING * * *
You hit the bullfrog skeleton.
The bullfrog skeleton is severely damaged.
The bullfrog skeleton completely misses you.
You hit the bullfrog skeleton but do no damage.
The bullfrog skeleton is severely damaged.
The bullfrog skeleton closely misses you.
The bullfrog skeleton hits you.
You die...

.#.### .#.#... ...
..... ...w ##.#.###.##
#..#......###
####............
####............####
#.....÷............#..
#.###.#....†..........
#.#Z#####.........
#.#@# #......... #.#.#
#......... #.#.#
#......... #.#.#
#.###..... #.#.. #.#
....# ..... #.# ...#
... #.# ...# ...#


You could see a bullfrog skeleton.

Vanquished Creatures
  2 giant cockroaches
  A goblin (D:1)
  A hobgoblin (D:1)
  3 bats (D:1)
  A frilled lizard (D:2)
  5 kobolds (D:1)
  3 rats (D:1)
16 creatures vanquished.

Notes
Turn   | Place    | Note
-------+----------+-------------------------------------------
     0 | D:1      | bli the Merfolk Ice Elementalist began the quest for the Orb.
     0 | D:1      | Reached XP level 1. HP: 13/13 MP: 3/3
   324 | D:1      | Reached XP level 2. HP: 17/19 MP: 1/5
   740 | D:1      | You fall through a shaft!
   779 | D:2      | Slain by a bullfrog skeleton

Vault maps used:
D:1:      ncdulo_smallfort
D:2:      lemuel_crystal_altar, nicolae_overflow_hidden_temple,
          lemuel_crystal_altar, old_standard_altar

Action                   || total
-------------------------++-------
Melee: Unarmed           ||    58
       Dagger            ||    13
 Cast: Freeze            ||    15
Armor: Robe              ||    14
Dodge: Dodged            ||    65

Table legend:
 A = Spawn XP
 B = Non-spawn XP
 C = Spawn XP percentage of total XP
 D = Spawn monster count
 E = Non-spawn monster count
 F = Spawn count percentage of total count
 G = Total turns spent on level
                    A         B        C        D         E        F      G
               +---------+---------+-------+---------+---------+-------+---------
         Total |       0 |      22 |   0.0 |       0 |      16 |   0.0 |   779
               +---------+---------+-------+---------+---------+-------+---------
           D:1 |       0 |      19 |   0.0 |       0 |      14 |   0.0 |   740
           D:2 |       0 |       3 |   0.0 |       0 |       2 |   0.0 |    39
               +---------+---------+-------+---------+---------+-------+---------
